Map: Ruins of Seras

Players

Immolation

  • Race: Terran Terran

TuuSAmo - Winner!

  • Race: Zerg Zerg
  • League: Bronze

VOD

Have the link to the VOD?

Description

Time

  • Played on: Nov. 23, 2015, 7:21 p.m.
  • Length: 1:24
Show
View Real Time Build Order
Export as new Build Order

Immolation Terran 

Build Orders:  

Get SALT Encoding   

  12  0:01  SCV  
  13  0:13  SCV  
  14  0:20  Supply Depot  
  14  0:26  SCV  
  15  0:41  SCV  
  16  0:43  Barracks  
  16  0:53  SCV  
  17  1:05  SCV  
  17  1:08  Refinery  
Show
View Real Time Build Order
Export as new Build Order

TuuSAmo Zerg - Winner!

Build Orders: Pool First 

Get SALT Encoding   

  12  0:01  Drone  
  13  0:09  Drone  
  14  0:27  Overlord  
  14  0:45  Drone x2  
  16  0:51  Drone  
  17  0:58  Spawning Pool  
  17  1:00  Drone  
  17  1:14  Hatchery  
Tags
 
Add a new tag
Caveats
  • Supply blocks, unpowered buildings, or Contaminate may cause inaccurate times.
  • Supply counts are checked every 10 seconds.